 Dungeon Crawl Stone Soup version 0.29.1-1-gd02db6906a (webtiles) character file.

Game seed: 15064330168779167647

1855 jimonade the Markself (level 8, -3/43 HPs)
             Began as a Deep Elf Hunter on Sept 18, 2022.
             Was an Initiate of Hepliaklqana.
             Slain by an unseen horror (8 damage)
             ... on level 7 of the Dungeon.
             The game lasted 00:12:42 (7203 turns).

jimonade the Markself (Deep Elf Hunter)             Turns: 7203, Time: 00:12:43

Health: -3/43      AC:  4    Str:  8    XL:     8   Next: 89%
Magic:  10/10      EV: 12    Int: 15    God:    Hepliaklqana [......]
Gold:   381        SH:  5    Dex: 20    Spells: 7/7 levels left

rFire   . . .      SeeInvis .   a - +0 shortbow
rCold   . . .      Faith    .   (shield currently unavailable)
rNeg    . . .      Spirit   .   c - +0 leather armour
rPois   .          Reflect  +   (no helmet)
rElec   .          Harm     .   P - +0 cloak
rCorr   .          Rampage  .   (no gloves)
Will    .....                   (no boots)
Stlth   ++........              g - amulet of reflection
HPRegen 0.14/turn               G - ring of flight
MPRegen 0.12/turn               (no ring)

@: flying
A: no striking features
a: Renounce Religion


You were on level 7 of the Dungeon.
You worshipped Hepliaklqana.
Hepliaklqana was noncommittal.
You visited 2 branches of the dungeon, and saw 8 of its levels.

You collected 381 gold pieces.

Inventory:

Hand Weapons
 a - a +0 shortbow (weapon)
 b - the +8 trident of Nithrid {drain, rC+ Dex+3}
   (You found it on level 2 of the Dungeon)

   A truly terrible weapon, it drains the life of any living foe it strikes.
   Dex:       It affects your dexterity (+3).
   rC:        It protects you from cold.
 e - a +0 rapier
 j - a +0 sling
 u - a +0 hand axe of freezing
 B - a +0 long sword
 J - a +0 scimitar
 K - a +0 quarterstaff
Missiles
 d - 13 poisoned darts
 l - 2 boomerangs
Armour
 c - a +0 leather armour (worn)
 n - a +0 ring mail
 P - a +0 cloak (worn)
Jewellery
 g - an amulet of reflection (around neck)
 q - a ring of ice
 G - a ring of flight (left hand)
Wands
 z - a wand of roots (12)
 E - a wand of polymorph (7)
 R - a wand of quicksilver (7)
Scrolls
 h - 2 scrolls of enchant weapon {unknown}
 i - a scroll of identify {unknown}
 m - 3 scrolls of noise {unknown}
 o - 4 scrolls of teleportation {unknown}
 p - a scroll of silence {unknown}
 s - a scroll of enchant armour {unknown}
 t - 2 scrolls of immolation
 v - a scroll of poison {unknown}
 w - a scroll of vulnerability {unknown}
 y - a scroll of fear {unknown}
 F - a scroll of brand weapon {unknown}
 M - a scroll of torment {unknown}
Potions
 f - a potion of might {unknown}
 k - 2 potions of heal wounds
 r - 2 potions of resistance {unknown}
 x - 3 potions of mutation {unknown}
 A - 3 potions of curing {unknown}
 C - 2 potions of cancellation {unknown}
 D - a potion of flight {unknown}
 H - a potion of experience {unknown}
 I - 2 potions of ambrosia {unknown}
 L - a potion of lignification {unknown}
 N - a potion of attraction {unknown}
 O - a potion of invisibility {unknown}
 Q - 2 potions of degeneration {unknown}


   Skills:
 - Level 1.5 Fighting
 + Level 15.5 Ranged Weapons
 - Level 2.4 Dodging
 - Level 1.2 Stealth


You had 7 spell levels left.
You didn't know any spells.
Your spell library contained the following spells:

 Spells                   Type           Power      Damage    Failure   Level
 Apportation              Tloc           0%         N/A       36%         1
 Sting                    Tmut/Pois      0%         1d3       36%         1
 Poisonous Vapours        Pois/Air       0%         N/A       52%         2
 Sublimation of Blood     Necr           0%         N/A       52%         2
 Olgreb's Toxic Radiance  Pois           0%         N/A       98%         4
 Petrify                  Tmut/Erth      0%         N/A       98%         4
 Irradiate                Conj/Tmut      0%         3d11      100%        5
 Manifold Assault         Tloc           0%         N/A       100%        5
 Silence                  Hex/Air        0%         N/A       100%        5
 Chain Lightning          Conj/Air       0%         N/A       100%        9


Dungeon Overview and Level Annotations

Branches:
Dungeon (7/15)             Temple (1/1) D:7

Altars:
Ashenzari
Cheibriados
Fedhas
Gozag
Hepliaklqana
Makhleb
Nemelex Xobeh
Okawaru
Qazlal
Ru
Sif Muna
Uskayaw
Wu Jian
Xom
Yredelemnul
Zin
The Shining One

Shops:
D:5 (

Annotations:
D:6 exclusions: 2 orcs, orc priest and orc warrior


Message History

You puncture the steam dragon!
You kill the steam dragon!
You start resting.
HP restored.
a - a +0 shortbow (weapon)
You see here a +0 flail.
You now have 381 gold pieces (gained 12).
Q - 2 sedimented sapphire potions
R - a wand of quicksilver (7)
C - 2 clear potions (gained 1)
Found a stone staircase leading down.
There is a stone staircase leading down here.
Found a stone staircase leading up.
A jelly comes into view.
You shoot an arrow. The arrow hits the jelly!
The jelly quivers.
The jelly is heavily wounded.
You shoot an arrow. The arrow hits the jelly!
The jelly is almost dead.
You shoot an arrow. The arrow barely misses the jelly.
You shoot an arrow. The arrow hits the jelly!
You kill the jelly!
There is a strange disturbance nearby!
Something hits you.
Deactivating autopickup; reactivate with Ctrl-A.
Found a stone staircase leading up.
Something hits you.
There is a stone staircase leading up here.
This staircase leads to a travel-excluded area!
Enter next level anyway?
Okay, then.
Unknown command.
Something hits you but does no damage. Something hits you. Something hits you.
Something hits you. Something hits you! Something hits you!
* * * LOW HITPOINT WARNING * * *
Something hits you!
You die...

## #. ######
#.#######....####
#...............###
#.......<.........##
##<@.......#####...#
###........# ##...
##.......## ##..
#.........# ##.
#.........# ##
#....####..# #
...### #... ...#
##..# #..#


There were no monsters in sight!

Vanquished Creatures
  2 steam dragons (D:7)
  A water moccasin (D:6)
  2 ice beasts
  An ogre (D:5)
  2 black bears (D:7)
  A sky beast (D:7)
  A phantom (D:5)
  A kobold brigand (D:7)
  2 bullfrogs (D:6)
  A scorpion (D:5)
  A necrophage (D:7)
  2 jellies
  An orc priest (D:6)
  5 hounds
  2 iguanas
  3 orc wizards (D:6)
  Ijyb (D:4)
  A hound zombie (D:3)
  A hound skeleton (D:3)
  4 adders
  2 white imps (D:6)
  An adder skeleton (D:3)
  2 worms
  3 dart slugs
  8 orcs
  6 ball pythons
  4 endoplasms
  6 giant cockroaches
  8 goblins
  6 hobgoblins
  2 jackals (D:4)
  11 kobolds
  2 quokkas
  A ball python skeleton (D:3)
  A ball python zombie (D:3)
  4 bats
  4 frilled lizards
  3 rats (D:3)
109 creatures vanquished.

Vanquished Creatures (others)
  An orc (D:7)
  6 plants (D:5)
7 creatures vanquished.

Grand Total: 116 creatures vanquished

Notes
Turn   | Place    | Note
-------+----------+-------------------------------------------
     0 | D:1      | jimonade the Deep Elf Hunter began the quest for the Orb.
     0 | D:1      | Reached XP level 1. HP: 12/12 MP: 3/3
   206 | D:1      | Reached XP level 2. HP: 16/16 MP: 4/4
   207 | D:1      | Reached skill level 6 in Ranged Weapons
   280 | D:1      | Found a faded altar of an unknown god.
   601 | D:1      | Got the Papyrus of Quantum Lightning
   786 | D:2      | Reached XP level 3. HP: 20/20 MP: 5/5
   867 | D:2      | You fall into a shaft and drop 1 floor!
  1179 | D:3      | Found a stormy altar of Qazlal.
  1393 | D:3      | Found a sacrificial altar of Ru.
  1523 | D:3      | Reached skill level 7 in Ranged Weapons
  1590 | D:3      | Reached XP level 4. HP: 25/25 MP: 6/6
  2331 | D:2      | Identified the +8 trident of Nithrid {drain, rC+ Dex+3}
  2612 | D:4      | Reached skill level 8 in Ranged Weapons
  2744 | D:4      | Noticed Ijyb
  2753 | D:4      | Killed Ijyb
  2915 | D:4      | Reached XP level 5. HP: 28/29 MP: 7/7
  3089 | D:4      | Found a shimmering blue altar of Sif Muna.
  3305 | D:5      | Entered Level 5 of the Dungeon
  3314 | D:5      | Found Kicex's Weapon Boutique.
  3413 | D:5      | Noticed an ice beast
  3421 | D:5      | Killed an ice beast
  3422 | D:5      | Reached skill level 9 in Ranged Weapons
  3560 | D:5      | Reached XP level 6. HP: 34/34 MP: 8/8
  3817 | D:5      | Reached skill level 10 in Ranged Weapons
  4404 | D:5      | Reached skill level 11 in Ranged Weapons
  4404 | D:5      | Reached XP level 7. HP: 38/38 MP: 9/9
  4851 | D:6      | Reached skill level 12 in Ranged Weapons
  5747 | D:6      | Reached skill level 13 in Ranged Weapons
  5747 | D:6      | Reached XP level 8. HP: 36/43 MP: 10/10
  6038 | D:7      | Found a staircase to the Ecumenical Temple.
  6161 | Temple   | Entered the Ecumenical Temple
  6277 | Temple   | Became a worshipper of Hepliaklqana the Forgotten
  6399 | D:7      | Reached skill level 14 in Ranged Weapons
  6627 | D:7      | Reached skill level 15 in Ranged Weapons
  7203 | D:7      | Slain by an unseen horror

Illustrated notes

Levels and vault maps discovered:
D:1:      dpeg_chamrin_arrival_tetris, layout_basic,
          shapermc_ecumenical_altar_mp_highgroup
D:2:      layout_loops_ring
D:3:      layout_loops_corners, nicolae_qazlal_eye_of_the_storm,
          lemuel_crystal_altar, serial_undead, serial_undead_e, serial_undead_e,
          serial_undead_d, serial_undead_d
D:4:      layout_loops_ring, kennysheep_little_box, uniq_ijyb
D:5:      layout_basic, serial_shops, shop, serial_bayou_pond_b
D:6:      layout_basic, abandoned_shop
D:7:      layout_layer_cave, minmay_temple_entry_statues_fountains,
          minmay_crystal_room, minmay_diced_spiral
Temple:   compressed_dpeg_circular_temple

Skill      XL: |  1  2  3  4  5  6  7  8 |
---------------+-------------------------+-----
Ranged Weapons | 6 7 8 9 11 13 15 | 15.5
Fighting       | |  1.5
Dodging        | |  2.4
Stealth        | |  1.2

Action                   |  1- 3 |  4- 6 |  7- 9 || total
-------------------------+-------+-------+-------++-------
Melee: Trident           |       |    33 |    59 ||    92
       Punch             |       |     2 |     1 ||     3
 Fire: Shortbow          |   114 |    71 |    81 ||   266
Armor: Leather armour    |     6 |     7 |     7 ||    20
Dodge: Dodged            |    11 |    19 |    39 ||    69
Block: Other             |     4 |     5 |     9 ||    18
       Reflection        |     1 |     1 |     1 ||     3
